[Event "WYCC 2018 O18"]
[Site "Halkidiki"]
[Date "2018.10.29"]
[Round "10"]
[White "Manu David Suthandram R"]
[Black "Carnicelli, Valerio"]
[Result "1-0"]
[ECO "C50"]
[WhiteElo "1970"]
[BlackElo "2299"]
[Annotator "NA"]
[PlyCount "85"]
[EventDate "2018.10.20"]
[EventType "swiss"]
[EventCountry "GRE"]
[SourceTitle "playchess.com"]
[Source "ChessBase"]
[SourceQuality "1"]
[TimeControl "40/5400+30:1800+30"]

1. e4 e5 2. Nf3 Nc6 3. Bc4 Bc5 4. O-O d6 5. h3 h6 6. c3 Qf6 7. b4 Bb6 8. a4 a5 9. b5 Nce7 10. d4 Ng6 11. Be3 N8e7 12. Kh2 O-O 13. g3 exd4 $11 14. Nxd4 d5 15. exd5 Ne5 16. Bb3 Rd8 17. f4 Nd7 18. Qf3 Nc5 19. Bc4 Bf5 20. Nd2 Nc8 21. Nxf5 Qxf5 22. g4 Qd7 23. Bxc5 Bxc5 24. Ne4 Bf8 25. Rad1 Re8 26. Bd3 Nd6 27. Rde1 Re7 28. Nc5 Qe8 29. Qg3 b6 30. Rxe7 Qxe7 31. Re1 Qd8 32. Nb3 Be7 33. Qe3 Bh4 34. Re2 Bf6 35. c4 Nb7 36. Bc2 Qd6 37. Qe8+ Qf8 38. Qc6 Nc5 39. Nxc5 bxc5 40. Qxc7 Re8 41. Be4 Be7 42. Qd7 g6 43. Bf3 1-0

[Event "WYCC 2018 O18"]
[Site "Halkidiki"]
[Date "2018.10.30"]
[Round "11"]
[White "Martinez Fernandez, Adrian"]
[Black "Pobor, Danilo"]
[Result "0-1"]
[ECO "B89"]
[WhiteElo "2277"]
[BlackElo "1934"]
[Annotator "NA"]
[PlyCount "96"]
[EventDate "2018.10.20"]
[EventType "swiss"]
[EventCountry "GRE"]
[SourceTitle "playchess.com"]
[Source "ChessBase"]
[SourceQuality "1"]
[TimeControl "40/5400+30:1800+30"]

1. e4 c5 2. Nf3 Nc6 3. d4 cxd4 4. Nxd4 Nf6 5. Nc3 d6 6. Bc4 e6 7. Be3 a6 8. Bb3 Be7 9. Qe2 Qc7 10. O-O-O Na5 11. g4 b5 {[%emt 0:02:10] B89: Sicilian: Velimirovic Attack} 12. g5 Nxb3+ 13. Nxb3 (13. axb3 $5 Nd7 14. b4 $11) 13... Nd7 14. h4 b4 15. Nb1 a5 16. h5 $146 (16. c4 {might work better.}) ({Predecessor:} 16. f4 Bb7 17. Bf2 O-O 18. N1d2 Rfc8 19. Nf3 a4 20. Nbd4 a3 21. b3 Qc3 22. e5 Nc5 23. Be1 Nxb3+ {0-1 (23) Rodriguez Guerrero,E (2123)-Campos Moreno,J (2484) Linares 2000}) 16... Ba6 17. Qe1 Rc8 18. Rd2 Ne5 19. Nd4 Nd3+ 20. Rxd3 Bxd3 21. Qd2 Bxe4 22. f3 Bd5 23. Rg1 a4 24. Qxb4 O-O 25. Nc3 Rb8 26. Nxd5 exd5 27. Qxa4 Rfc8 28. Nf5 Rb4 29. Nxe7+ Qxe7 30. Qa3 Rbc4 31. Kb1 d4 32. Bc1 Rxc2 33. Qd3 Qc7 34. Bf4 {[%emt 0:00:25] [#]} Qb6 $1 35. Bc1 d5 36. Re1 Rh2 37. Bd2 Rb8 38. b3 Rxh5 39. f4 Ra8 40. Qf3 Rh2 41. Qxd5 Qa7 42. Ba5 Qa6 43. Qe4 g6 44. b4 Rb8 45. f5 gxf5 46. Qxd4 Qxa5 47. Re8+ Rxe8 48. bxa5 Re1+ 0-1

[Event "WYCC 2018 O18"]
[Site "Halkidiki"]
[Date "2018.10.30"]
[Round "11"]
[White "Beukema, Jasper"]
[Black "Mitrabha, Guha"]
[Result "0-1"]
[ECO "E11"]
[WhiteElo "2256"]
[BlackElo "2352"]
[Annotator "NA RC"]
[PlyCount "62"]
[EventDate "2018.10.20"]
[EventType "swiss"]
[EventCountry "GRE"]
[SourceTitle "playchess.com"]
[Source "ChessBase"]
[SourceQuality "1"]
[TimeControl "40/5400+30:1800+30"]

1. d4 Nf6 2. c4 e6 3. Nf3 Bb4+ 4. Bd2 a5 5. Qc2 d5 6. a3 {[%emt 0:01:52] E11: Bogo-Indian} (6. g3 O-O 7. Bg2 b6 8. O-O Ba6 9. Ne5 Ra7 10. cxd5 {½-½ (10) Arutinian,D (2538)-Bernadskiy,V (2574) Tsaghkadzor 2017}) 6... Be7 7. Nc3 O-O 8. cxd5 exd5 9. Bg5 g6 $146 ({Predecessor:} 9... h6 10. Bf4 c6 11. e3 Nh5 12. Be5 Nd7 13. Bd3 Nxe5 14. dxe5 {½-½ (36) Perera Gonzalez,P (2249)-Dickl,E (2230) Santa Cruz de Tenerife 2002}) 10. e3 Bf5 11. Qb3 Nbd7 12. Bh6 Re8 13. Nxd5 Nxd5 14. Qxd5 Be4 15. Qb3 a4 16. Qc3 c5 17. Be2 cxd4 18. exd4 Rc8 19. Qe3 Bd6 ({Black should play} 19... Bf5 $17 20. Ne5 Bd6) 20. Kf1 Bf5 21. Qg5 $2 (21. Ne5) 21... f6 22. Qh4 Re4 23. g4 Rxg4 24. Qh3 Rc2 25. Be3 Qb6 26. Ne1 Rxe2 27. Qf3 Rxb2 28. Qd5+ Kg7 29. Qc4 Qb5 $19 30. Qxb5 Rxb5 31. f3 Rh4 0-1

[Event "WYCC 2018 O18"]
[Site "Halkidiki"]
[Date "2018.10.30"]
[Round "11"]
[White "Ozates, Tuna"]
[Black "Olimjonov, Sarvarbek"]
[Result "1-0"]
[ECO "A45"]
[WhiteElo "2225"]
[BlackElo "2074"]
[Annotator "NA"]
[PlyCount "73"]
[EventDate "2018.10.20"]
[EventType "swiss"]
[EventCountry "GRE"]
[SourceTitle "playchess.com"]
[Source "ChessBase"]
[SourceQuality "1"]
[TimeControl "40/5400+30:1800+30"]

1. d4 Nf6 2. Bg5 c5 3. Nc3 d5 4. Bxf6 gxf6 5. e4 dxe4 6. dxc5 Qa5 7. Qh5 {[%emt 0:00:06] D01: Veresov Opening} (7. Bb5+ Bd7 8. a4 a6 9. Ra3 Nc6 10. Nge2 e6 11. b4 Qxb4 12. Rb3 Qa5 13. O-O axb5 14. Nxe4 Be7 15. axb5 {0-1 (33) Gareyev,T (2604)-Robson,R (2656) Saint Louis 2015}) 7... f5 8. O-O-O Be6 $146 ({Predecessor:} 8... Bg7 9. Bc4 e6 10. Nh3 O-O 11. g4 Nd7 12. gxf5 Nf6 13. Qh4 exf5 14. Rhg1 Ng4 {1-0 (22) Voloshin,L (2420)-Cempel,J (2270) Ostrava 1998}) 9. Bb5+ Nc6 10. Nge2 Bg7 11. g4 f4 12. a3 O-O 13. Bxc6 bxc6 14. Nd4 Rac8 15. Rhe1 Bd5 16. Nxd5 cxd5 17. Nb3 Qa6 18. Qxd5 e3 19. fxe3 fxe3 20. g5 e2 21. Rd3 Rfd8 22. Qxd8+ Rxd8 23. Rxd8+ Bf8 24. Rd3 h6 25. gxh6 Qxh6+ 26. Kb1 Qf4 27. Rd2 Bg7 28. Rdxe2 e5 29. Re4 Qf2 30. c6 Qb6 31. Rc4 Qc7 32. Rd1 f5 33. Rd7 Qc8 34. c7 Bf6 35. Rc6 e4 36. Nc5 Bh4 37. Rcd6 1-0

[Event "WYCC 2018 O18"]
[Site "Halkidiki"]
[Date "2018.10.30"]
[Round "11"]
[White "Tsomaia, Nikoloz"]
[Black "Burovic, Rijad"]
[Result "1/2-1/2"]
[ECO "C02"]
[WhiteElo "2201"]
[BlackElo "2380"]
[Annotator "NA RC"]
[PlyCount "118"]
[EventDate "2018.10.20"]
[EventType "swiss"]
[EventCountry "GRE"]
[SourceTitle "playchess.com"]
[Source "ChessBase"]
[SourceQuality "1"]
[TimeControl "40/5400+30:1800+30"]

1. e4 e6 2. d4 d5 3. e5 c5 4. c3 Nc6 5. Nf3 Qb6 6. a3 f6 7. Bd3 fxe5 {[%emt 0:00:09] C02: French: Advance Variation} 8. dxe5 c4 9. Bc2 Nh6 10. O-O Nf7 (10... g6 11. b4 cxb3 12. Bxb3 Ng4 13. Bf4 Bc5 14. Bg3 O-O 15. Nbd2 {½-½ (59) Morozevich,A (2656)-Timofeev,A (2580) Sochi 2018}) 11. Qe2 g6 12. Ra2 Bg7 13. Bf4 O-O 14. g3 $146 ({Predecessor:} 14. Nbd2 Qc7 15. Re1 {½-½ (64) Afek,Y (2362)-Murey,J (2463) St Quentin 1999}) 14... Qc7 15. Re1 $1 b5 16. Nbd2 Bd7 17. Kg2 Nh6 18. Nf1 Nf5 19. Bxf5 Rxf5 20. Ne3 {[%emt 0:00:28] [#]} Rf7 (20... Rxf4 $1 $17 21. gxf4 Rf8) 21. Ng4 Qb7 22. Bg5 d4 23. Nf6+ Bxf6 $1 24. exf6 Ne7 25. Kg1 d3 26. Qe3 Nc6 (26... Nd5 $17 27. Qe4 Bc6) 27. Raa1 Re8 28. Qf4 Qb8 29. Qh4 e5 30. Bh6 Bf5 31. Ng5 Qc7 32. g4 Be6 33. Bg7 Rxg7 34. fxg7 Qxg7 35. Nxe6 Rxe6 36. a4 b4 37. Re4 Qd7 38. Qg5 Qd5 39. Qe3 a5 40. Rf1 Rf6 41. h4 Rf8 42. f3 Rf6 43. Kg2 Rf8 44. Rh1 ({White should try} 44. Qb6 $16) 44... bxc3 (44... Qf7 $1 $14) 45. bxc3 Rb8 {[#]} (45... Qf7 $16) 46. Qd2 $2 (46. h5 $1 $18) 46... Nd8 $1 47. h5 Nf7 $1 48. hxg6 hxg6 49. Kg3 Rb3 50. Rhe1 Kg7 51. Rh1 g5 52. Ree1 Qd6 53. Re4 $1 Qb6 54. Rh2 Qg1+ 55. Rg2 $1 Qh1 56. Rh2 Qg1+ 57. Rg2 Qh1 58. Rh2 Qg1+ 59. Rg2 $11 Qh1 1/2-1/2

[Event "WYCC 2018 O18"]
[Site "Halkidiki"]
[Date "2018.10.30"]
[Round "11"]
[White "Pedoson, Georg Aleksander"]
[Black "Tifferet, Shaked"]
[Result "0-1"]
[ECO "D10"]
[WhiteElo "2162"]
[BlackElo "2254"]
[Annotator "NA"]
[PlyCount "100"]
[EventDate "2018.10.20"]
[EventType "swiss"]
[EventCountry "GRE"]
[SourceTitle "playchess.com"]
[Source "ChessBase"]
[SourceQuality "1"]
[TimeControl "40/5400+30:1800+30"]

1. d4 d5 2. c4 c6 3. Nc3 Nf6 4. e3 g6 5. Nf3 Bg7 6. Bd3 O-O 7. O-O a6 8. b3 c5 {[%emt 0:04:02] D94: Grünfeld: 4 Nf3 Bg7 5 e3} 9. Bb2 cxd4 10. exd4 dxc4 (10... Nc6 11. h3 dxc4 12. Bxc4 b5 13. Be2 Bb7 14. Qd2 Qd6 15. Rad1 Rfd8 16. Rfe1 {0-1 (58) Dubov,D (2614)-Gupta,A (2612) Moscow 2013}) 11. bxc4 Bg4 12. d5 $146 ({Predecessor:} 12. Be2 Nc6 13. d5 Bxf3 14. Bxf3 Ne5 15. Be2 Rc8 16. Qb3 Qc7 17. Rac1 Nxc4 18. d6 exd6 19. Nd5 Nxd5 20. Rxc4 Qa5 21. Rxc8 Rxc8 22. Qxb7 {½-½ (22) Brozhik,V (2189)-Karnaukh,A (2253) Kiev 2003}) 12... Nbd7 13. Re1 e6 14. h3 Bxf3 15. Qxf3 exd5 16. cxd5 Nc5 17. Bf1 b5 18. Rad1 Nfd7 19. a3 Qf6 20. Qg3 Qf5 21. Rd2 Rfe8 22. Red1 Be5 23. Qh4 Qf4 24. Qxf4 Bxf4 25. Rc2 Bd6 26. Bc1 Rac8 27. Re2 Rxe2 28. Bxe2 Nb3 29. Bb2 Bxa3 30. Bxa3 Rxc3 31. Bb4 Rc1 32. Kf1 Rxd1+ 33. Bxd1 Nbc5 34. Ke2 Kf8 35. Ke3 Ke8 36. Kd4 Nb7 37. Be2 Kd8 38. Bd2 Kc7 $17 39. g4 Kb6 40. f4 a5 41. h4 Nbc5 42. Bd1 Nb7 43. h5 Nd6 44. Bc2 b4 45. hxg6 hxg6 46. g5 Nb5+ 47. Ke4 Kc5 48. Be3+ Kd6 49. f5 gxf5+ 50. Kxf5 Nc3 0-1

[Event "WYCC 2018 O18"]
[Site "Halkidiki"]
[Date "2018.10.30"]
[Round "11"]
[White "Veleshnja, Zino"]
[Black "Liang, Albert"]
[Result "0-1"]
[ECO "D00"]
[WhiteElo "2155"]
[BlackElo "2042"]
[Annotator "NA"]
[PlyCount "110"]
[EventDate "2018.10.20"]
[EventType "swiss"]
[EventCountry "GRE"]
[SourceTitle "playchess.com"]
[Source "ChessBase"]
[SourceQuality "1"]
[TimeControl "40/5400+30:1800+30"]

1. d4 d5 2. Bf4 Nf6 3. e3 c5 4. c3 e6 5. Nd2 Nc6 6. Ngf3 Bd6 7. Bg3 O-O 8. Bd3 b6 9. e4 {[%emt 0:00:07] D02: 1 d4 d5 2 Nf3 sidelines, including 2...Nf6 3 g3 and 2...Nf6 3 Bf4} Be7 10. e5 Nh5 11. Ng5 (11. Nf1 cxd4 12. Nxd4 Nxd4 13. cxd4 g6 14. Ne3 f5 15. exf6 Bxf6 16. Be2 Nxg3 17. hxg3 {½-½ (37) Nakamura,H (2787)-Svidler,P (2760) Moscow 2018}) 11... Bxg5 12. Qxh5 g6 13. Qe2 cxd4 14. h4 Bh6 15. h5 Bg7 $146 ({Predecessor:} 15... dxc3 16. bxc3 Bg7 {½-½ (43) Filipovic,B (2388)-Derakhshani,B (2302) Flims 2016}) 16. f4 dxc3 17. bxc3 Qc7 18. Nf3 Ne7 19. Rc1 Qc5 20. Bh4 Nf5 21. g4 Nxh4 22. Rxh4 Rd8 23. Nd4 Bd7 24. Kf2 a6 25. hxg6 hxg6 26. Qe3 Bb5 27. Bb1 Rac8 28. Rh3 Qa3 29. Kg1 Bd7 30. Rf1 Rc4 31. Bc2 Rdc8 32. Bb3 R4c5 33. Qe1 b5 34. Rf2 Qa5 35. Rc2 Qb6 36. a3 a5 37. Kg2 Rb8 38. Ba2 Rc7 39. Qd2 Qc5 40. Qc1 (40. Rf3 $17) 40... Rbc8 41. Bb1 Qb6 42. Qd2 Rc4 43. Ba2 Qxd4 44. Bxc4 Qxc4 45. Rb2 Qa4 46. Rd3 Rc4 47. Rf3 Bf8 48. g5 Bxa3 49. Rb1 Bf8 50. Kg3 Re4 51. Rh1 Qc4 52. Rh2 a4 53. Kg4 Bg7 54. Kg3 a3 55. Rf1 Qxf1 0-1

[Event "WYCC 2018 O18"]
[Site "Halkidiki"]
[Date "2018.10.30"]
[Round "11"]
[White "Torres Cueto, Jesus Marcial"]
[Black "Krstic, Milos"]
[Result "1-0"]
[ECO "E46"]
[WhiteElo "2078"]
[BlackElo "2171"]
[Annotator "NA"]
[PlyCount "77"]
[EventDate "2018.10.20"]
[EventType "swiss"]
[EventCountry "GRE"]
[SourceTitle "playchess.com"]
[Source "ChessBase"]
[SourceQuality "1"]
[TimeControl "40/5400+30:1800+30"]

1. d4 Nf6 2. c4 e6 3. Nc3 Bb4 4. e3 O-O 5. Nge2 d5 6. a3 Be7 7. cxd5 exd5 8. h3 {[%emt 0:00:07] E46: Nimzo-Indian: Rubinstein: 4 e3 0-0 5 Ne2 without early Bd3} (8. Nf4 c6 9. Bd3 Na6 10. O-O Nc7 11. f3 Re8 12. Bd2 Bf8 13. Qe1 g6 14. g4 c5 15. Qf2 b6 16. h4 Bd6 17. Nce2 {0-1 (54) Caruana,F (2816)-Karjakin,S (2782) Leuven 2018}) 8... c6 9. g4 Ne4 10. Nxe4 dxe4 11. Nc3 $146 ({Predecessor:} 11. Ng3 f5 12. Nxf5 Bxf5 13. gxf5 Qa5+ 14. Bd2 Qxf5 15. Qb3+ Kh8 {0-1 (40) Laurusas,T (2373)-Beliajev,D (2181) Klaipeda 2013}) 11... Bh4 12. Bg2 Qe7 13. Qb3 Be6 14. Qb4 Qxb4 15. axb4 f5 16. gxf5 Bxf5 17. O-O Be7 18. b5 cxb5 19. Nxe4 Nc6 20. Bd2 Rfd8 21. Rfc1 a6 22. Nc5 Bxc5 23. Rxc5 Bd7 24. f4 Kf7 25. d5 Ne7 26. e4 Rac8 27. Rac1 Rxc5 28. Rxc5 Rc8 29. b4 b6 30. Rxc8 Bxc8 $18 31. Kf2 g5 32. fxg5 Ng6 33. Ke3 Ne5 34. Bc3 Nc4+ 35. Kf4 a5 36. e5 a4 37. h4 a3 38. Be4 a2 39. Bxh7 1-0